Map: Echo LE (Void)

Players

hirano - Winner!

  • Race: Terran Terran
  • League: Master
  • Spawn Location: 11:00

Gorod

  • Race: Zerg Zerg
  • League: Diamond
  • Spawn Location: 5:00

VOD

Have the link to the VOD?

Description

Time

  • Played on: Dec. 19, 2016, 7:44 a.m.
  • Length: 5:20
Show
View Real Time Build Order
Export as new Build Order

hirano Terran - Winner!

Build Orders:  

Get SALT Encoding   

  12  0:01  SCV  
  13  0:13  SCV  
  14  0:17  Supply Depot  
  14  0:25  SCV  
  15  0:39  SCV  
  15  0:41  Barracks  
  16  0:44  Refinery  
  16  0:51  SCV  
  17  1:03  SCV  
  18  1:17  Barracks  
  18  1:18  Barracks  
  18  1:22  SCV  
  19  1:37  Orbital Command  
  19  1:40  Barracks Reactor  
  19  1:48  Supply Depot  
  19  2:03  SCV  
  19  2:05  Marine  
  19  2:06  Marine  
  22  2:16  Marine x2  
  22  2:21  Supply Depot  
  24  2:25  Barracks Tech Lab x2  
  24  2:34  SCV, Marine x2  
  29  2:44  Marauder x2  
  31  2:51  Supply Depot  
  31  2:52  Marine x2  
  35  3:06  Marauder x2  
  35  3:12  SCV  
  38  3:13  Marine x2  
  38  3:15  Supply Depot  
  40  3:24  SCV  
  43  3:27  Marauder x2  
  43  3:30  Marine  
  43  3:31  Marine  
  47  3:48  Marine x4  
  51  4:06  Marine x2  
  51  4:09  SCV  
  54  4:11  Supply Depot  
  34  4:38  Marine  
  34  4:39  Marine x2  
  34  4:42  SCV  
  27  4:55  SCV  
Show
View Real Time Build Order
Export as new Build Order

Gorod Zerg 

Build Orders: Hatch First 

Get SALT Encoding   

  12  0:01  Drone  
  13  0:08  Drone  
  14  0:15  Extractor  
  14  0:18  Drone, Extractor  
  15  0:39  Hatchery  
  14  0:46  Drone, Extractor  
  15  1:02  Spawning Pool  
  14  1:05  Extractor  
  14  1:06  Drone  
  14  1:11  Extractor  
  13  1:12  Drone  
  13  1:18  Overlord  
  16  1:23  Extractor  
  15  1:37  Extractor  
  14  1:40  Drone x3  
  17  1:50  Extractor  
  17  1:52  Queen  
  18  1:57  Queen  
  20  2:10  Roach Warren  
  19  2:33  Queen  
  21  2:41  Queen  
  21  2:43  Drone  
  24  2:46  Drone  
  24  2:51  Drone  
  26  2:59  Overlord  
  26  3:07  Drone x2  
  28  3:13  Overlord  
  28  3:32  Roach x4  
  36  3:47  Overlord  
  36  3:49  Overlord  
  34  4:11  Roach x6  
  42  4:31  Roach x2  
Tags
 
Matchup
TvZ
Replay Pack
replay pack
Spawn Locations
Cross Positions
Add a new tag
Caveats
  • Supply blocks, unpowered buildings, or Contaminate may cause inaccurate times.
  • Supply counts are checked every 10 seconds.